AoeStats
← Mr.Wölker

Pilgrims

507970890Analyzed
2v2 RM · 13d ago on Sep 20, 2026· 61m 3s· 4 players
Game mode
Random Map
Map size
Medium (4 player)
Population
200
Speed
Normal
Resources
Standard
Victory
Conquest
Starting age
Dark Age
Ending age
Imperial Age
RankedLock teamsTeams togetherTeam positionsShared explorationLock speedFull tech treeHidden civsTurbo modeCheats
Victory
Defeat
🇦🇷 Armenians · Argentina
1244
+12
🇨🇳 Khmer · China
1099
+17
🇸🇪 Burmese · Sweden
1236
-18
🇸🇪 Goths · Sweden
1041
-11
Nämen Oj
9:18 Loom
11:13 Feudal Age
9:30 Loom
14:46 Castle Age
13:13 Stone Mining
16:50 Fletching
33:31 Gold Mining
34:22 Bloodlines
34:20 Horse Collar
35:34 Husbandry
37:48 Manipur Cavalry
40:35 Wheelbarrow
40:10 Town Watch
44:04 Imperial Age
43:08 Hand Cart
44:58 Padded Archer Armor
46:12 Gold Shaft Mining
47:02 Chemistry
45:25 Elite Arambai
47:28 Conscription
54:03 Elite Battle Elephant
55:39 Scale Barding Armor
58:31 Town Watch
Mr.Wölker
10:24 Feudal Age
10:54 Man-at-Arms
22:14 Scale Mail Armor
24:56 Castle Age
27:12 Double-Bit Axe
30:15 Bloodlines
30:06 Husbandry
30:03 Light Cavalry
31:00 Scale Barding Armor
31:06 Forging
38:03 Chain Barding Armor
39:22 Iron Casting
39:36 Fletching
42:43 Bow Saw
42:21 Horse Collar
48:26 Loom
52:04 Imperial Age
52:49 Cavalier
55:16 Blast Furnace
54:45 Chain Mail Armor
58:03 Light Cavalry
SOG.Vexon
5:48 Loom
8:21 Feudal Age
9:14 Double-Bit Axe
9:37 Loom
13:57 Fletching
19:42 Castle Age
18:28 Fishing Lines
19:45 Stone Mining
19:47 Gold Mining
20:46 Medium Warships
21:01 Bodkin Arrow
21:07 Gillnets
25:48 Wheelbarrow
29:06 Ballistics
29:20 Bow Saw
30:53 Padded Archer Armor
33:43 Imperial Age
32:12 Leather Archer Armor
33:31 Masonry
34:42 Bracer
35:41 Hand Cart
41:48 Ring Archer Armor
42:51 Gold Shaft Mining
44:13 Chemistry
44:21 Elite Composite Bowman
46:30 Murder Holes
47:37 Conscription
50:27 Hoardings
51:43 Pikeman
52:23 Squires
52:09 Arson
58:13 Clinker Construction
60:56 Halberdier
神采飞扬
7:44 Loom
12:11 Feudal Age
16:10 Castle Age
15:12 Fishing Lines
16:03 Bloodlines
18:22 Husbandry
21:40 Double-Bit Axe
26:18 Gillnets
28:05 Wheelbarrow
27:52 Town Watch
30:38 Gold Mining
34:42 Gold Shaft Mining
35:56 Ballistics
38:40 Bow Saw
44:44 Hand Cart
45:54 Town Patrol
53:17 Imperial Age
52:40 Horse Collar
53:56 Devotion
55:09 Scale Barding Armor
55:15 Forging
56:24 Chain Barding Armor
57:21 Iron Casting
57:21 Conscription
59:07 Tusk Swords
60:08 Plate Barding Armor
62:15 Blast Furnace
Connection lost

Rejoining the realm…

Still unreachable

The connection could not be restored.

Session expired

The server has moved on; the page needs a fresh start.